 Dungeon Crawl Stone Soup version 0.23-a0-164-g7711e57 (webtiles) character file.

12844 royalsmiley the Cleaver (level 11, -3/99 HPs)
             Began as a Deep Dwarf Fighter on Sept 10, 2018.
             Succumbed to Sonja's poison
             ... on level 1 of the Lair of Beasts.
             The game lasted 00:52:29 (9514 turns).

royalsmiley the Cleaver (Deep Dwarf Fighter)        Turns: 9514, Time: 00:52:30

Health: -3/99      AC: 25    Str: 23    XL:     11   Next: 67%
Magic:  0/0        EV:  8    Int: 14    God:
Gold:   186        SH:  0    Dex: 12    Spells: 10/10 levels left

rFire    . . .     SeeInvis .   N - +1 glaive (distort)
rCold    + . .     Gourm    .   (shield currently unavailable)
rNeg     . . .     Faith    .   M - +4 plate armour {rC+}
rPois    +         Spirit   .   h - +2 helmet
rElec    .         Reflect  .   (no cloak)
rCorr    .         Harm     .   y - +2 pair of gloves
MR       ++...                  (no boots)
Stlth    ..........             (no amulet)
HPRegen  0.00/turn              j - ring of protection from magic
MPRegen  0.07/turn              L - ring of poison resistance

@: brilliant, lethally poisoned (-3 -> -31), berserk cooldown, non-regenerating,
slowed, very slow
A: damage resistance, heal wounds, sense surroundings 2, no regeneration
a: Heal Wounds


You were on level 1 of the Lair of Beasts.
You were hungry.

You visited 2 branches of the dungeon, and saw 12 of its levels.
You also visited: Ossuary.

You collected 799 gold pieces.
You spent 613 gold pieces at shops.

Inventory:

Hand Weapons
 a - a +1 war axe
 I - a +2 vampiric short sword
 N - a +1 glaive of distortion (weapon)
Armour
 c - a +1 shield
 h - a +2 helmet (worn)
 y - a +2 pair of gloves (worn)
 J - a +0 cloak of invisibility
 M - a +4 plate armour of cold resistance (worn)
Jewellery
 b - an uncursed ring of see invisible
 j - a ring of protection from magic (left hand)
 w - an uncursed ring of stealth
 G - an uncursed ring of protection from fire
 H - an uncursed ring of stealth
 K - an uncursed ring of protection from magic
 L - a ring of poison resistance (right hand)
Wands
 o - a wand of flame (42)
 q - a wand of enslavement (7)
 x - a wand of acid (9)
 D - a wand of digging (15)
Scrolls
 e - 9 scrolls of remove curse
 l - 3 scrolls of amnesia
 p - 2 scrolls of identify
 s - a scroll of teleportation
 t - a scroll of brand weapon {unknown}
 u - a scroll of magic mapping
 v - 5 scrolls of enchant weapon
 B - 2 scrolls of fog
 O - a scroll of vulnerability {unknown}
Potions
 d - a potion of might
 g - 2 potions of resistance {unknown}
 i - 3 potions of flight
 k - a potion of lignification
 n - 4 potions of cancellation
 r - a potion of ambrosia
 E - 6 potions of berserk rage
Miscellaneous
 C - a phantom mirror
Comestibles
 f - 24 rations


   Skills:
 + Level 6.8 Fighting
 * Level 14.1 Axes
 + Level 9.2 Armour
 + Level 2.1 Dodging
 + Level 0.5 Stealth
 + Level 9.7 Shields


You had 10 spell levels left.
You didn't know any spells.
Your spell library contained the following spells:

 Spells                   Type           Power        Failure   Level  Hunger
 Beastly Appendage        Tmut           #.....       34%         1    ##.....
 Corona                   Hex            #......      34%         1    ##.....
 Shock                    Conj/Air       #...         34%         1    ##.....
 Slow                     Hex            #.......     45%         2    ###....
 Sticks to Snakes         Tmut           #.......     45%         2    ###....
 Swiftness                Chrm/Air       #.......     45%         2    ###....
 Ignite Poison            Fire/Tmut/Pois #.......     67%         3    ####...
 Inner Flame              Hex/Fire       #.......     67%         3    ####...
 Portal Projectile        Hex/Tloc       #.....       67%         3    ####...
 Spider Form              Tmut/Pois      #.........   67%         3    ####...
 Static Discharge         Conj/Air       #.......     67%         3    ####...
 Airstrike                Air            #.........   94%         4    #####..
 Cause Fear               Hex            #.........   94%         4    #####..
 Ice Form                 Ice/Tmut       #.......     94%         4    #####..
 Leda's Liquefaction      Hex/Erth       #.........   94%         4    #####..
 Blade Hands              Tmut           #.........   99%         5    ######.
 Bolt of Draining         Conj/Necr      #.........   99%         5    ######.
 Borgnjor's Vile Clutch   Necr/Erth      #.........   99%         5    ######.
 Excruciating Wounds      Chrm/Necr      #.........   99%         5    ######.
 Fireball                 Conj/Fire      #.........   99%         5    ######.
 Lightning Bolt           Conj/Air       #.........   99%         5    ######.
 Bolt of Fire             Conj/Fire      #.........   100%        6    #######
 Poison Arrow             Conj/Pois      #.........   100%        6    #######
 Ring of Flames           Chrm/Fire      #.........   100%        7    #######
 Chain Lightning          Conj/Air       #.........   100%        8    #######
 Ignition                 Fire           #.........   100%        8    #######
 Lehudib's Crystal Spear  Conj/Erth      #.........   100%        8    #######
 Fire Storm               Conj/Fire      #.........   100%        9    #######
 Glaciate                 Conj/Ice       #.........   100%        9    #######


Dungeon Overview and Level Annotations

Branches:
Dungeon (11/15)            Temple (0/1) D:4            Lair (1/6) D:11
    Orc (0/2) D:10

Altars:
Yredelemnul

Shops:
D:7 !}*   D:10 }

Annotations:
Lair:1 Sonja
Abyss:1 Psyche


Innate Abilities, Weirdness & Mutations

You are resistant to damage.
You can heal yourself by infusing magical energy.
You passively map the area around you.
You do not regenerate.


Message History

You feel less confused.
* * * LOW HITPOINT WARNING * * *
You feel very sick. Sonja hits you but does no damage. x2
You are lethally poisoned!
Sonja barely misses you. Sonja hits you but does no damage.
You are more poisoned.
Sonja hits you but does no damage. x4
You are more poisoned.
Sonja hits you but does no damage.
You completely miss Sonja.
Sonja is heavily wounded.
* * * LOW HITPOINT WARNING * * *
You feel extremely sick.
Sonja gestures wildly while chanting.
Sonja blinks!
You hit Sonja.
Sonja is heavily wounded.
Sonja blinks!
You die...

*,, * ### , P.. ##########
###+##### #..
.........###.......## #.. *
.......('.##.#...... ###..
.......(P.##.#...#.###....
*
........#..#.#.#.#.##..#..
........#@ยง+.#.....##.##..
* ,,,,
........###..#.##.....##..
* * ..%.....#
##.#.#...+.###.. 8, *
###..+#### #...#?.#### ###
,,,* ##.##..# #...#...# 8
......## #####P.## ##
,*##+.##.#.### #### ##. ,*
#..........## #.. *
#..........P# ##.+


There were no monsters in sight!

Vanquished Creatures
  A hydra (D:8)
  A two-headed ogre (D:10)
  An unseen horror (D:10)
  The ghost of Thaneod the Arsonist, a novice DEFE of Vehumet (D:8)
  Pikel (D:5)
  An ugly thing (D:10)
  Maurice (D:9)
  A komodo dragon (Lair:1)
  A troll (D:10)
  2 slime creatures
  2 dream sheep (D:8)
  A hippogriff (D:9)
  A wyvern (D:8)
  2 yaks (D:8)
  A wraith (D:10)
  2 wargs (D:11)
  Menkaure (D:6)
  2 water moccasins
  Duvessa (D:5)
  A slave (D:5)
  A swamp drake (D:10)
  An ice beast (D:7)
  4 phantoms
  10 sky beasts
  5 orc warriors
  A black bear (D:7)
  A necrophage (D:10)
  2 centaurs
  4 ogres
  A crocodile (Lair:1)
  5 big kobolds
  7 bullfrogs
  A gnoll sergeant (D:10)
  Dowan (D:5)
  4 scorpions
  A water moccasin skeleton (D:8)
  7 killer bees (D:8)
  3 crimson imps
  A howler monkey (D:7)
  6 centaur zombies
  2 bullfrog zombies
  A quasit (D:11)
  2 centaur skeletons
  2 hounds
  8 jellies
  Crazy Yiuf (D:5)
  3 bullfrog skeletons
  4 orc priests
  3 iguanas
  5 orc wizards
  9 worker ants
  3 hound zombies
  8 mummies
  5 worker ant zombies
  14 adders
  3 howler monkey skeletons
  6 adder zombies
  13 oozes
  3 worms
  3 dart slugs
  4 leopard geckos
  34 orcs
  5 bats
  10 giant cockroaches
  8 goblins
  12 hobgoblins
  2 jackals (D:4)
  5 quokkas
  A ball python (D:4)
  5 frilled lizards
  4 goblin zombies (Ossuary)
  6 hobgoblin zombies (Ossuary)
  17 kobolds
  3 kobold zombies (Ossuary)
  A leopard gecko skeleton (D:4)
  2 quokka skeletons
  3 quokka zombies (Ossuary)
  10 rats
  3 rat zombies (Ossuary)
  2 fungi (D:7)
  A plant (D:8)
327 creatures vanquished.

Vanquished Creatures (others)
  A slave (D:5)
  An ogre (D:5)
  A big kobold (D:11)
  2 orc priests (D:10)
  5 fungi (D:7)
  A plant (D:11)
11 creatures vanquished.

Grand Total: 338 creatures vanquished

Notes
Turn   | Place    | Note
-------+----------+-------------------------------------------
     0 | D:1      | royalsmiley the Deep Dwarf Fighter began the quest for the
                  | Orb.
     0 | D:1      | Reached XP level 1. HP: 20/20 MP: 1/1
    92 | D:1      | Reached XP level 2. HP: 21/27 MP: 2/2
   266 | D:1      | Reached XP level 3. HP: 25/33 MP: 3/3
   755 | D:2      | Reached skill level 3 in Axes
  1431 | D:3      | Reached XP level 4. HP: 42/42 MP: 2/2
  1987 | D:3      | Reached skill level 4 in Axes
  2145 | D:4      | Noticed a phantom
  2151 | D:4      | Reached XP level 5. HP: 43/49 MP: 3/3
  2185 | D:4      | Killed a phantom
  2185 | D:4      | Reached skill level 5 in Axes
  2185 | D:4      | Reached XP level 6. HP: 44/56 MP: 4/4
  2209 | D:4      | Reached skill level 1 in Dodging
  2234 | D:4      | Found a staircase to the Ecumenical Temple.
  2626 | D:4      | Found a basalt altar of Yredelemnul.
  3209 | D:5      | Entered Level 5 of the Dungeon
  3243 | D:5      | Reached skill level 5 in Shields
  3376 | D:5      | Reached XP level 7. HP: 41/62 MP: 5/5
  3470 | D:5      | Noticed Dowan
  3470 | D:5      | Noticed Duvessa
  3487 | D:5      | Killed Dowan
  3498 | D:5      | Killed Duvessa
  3498 | D:5      | Reached skill level 6 in Axes
  3555 | D:5      | Found a runed door.
  3559 | D:5      | Noticed Crazy Yiuf
  3577 | D:5      | Killed Crazy Yiuf
  3748 | D:5      | Reached skill level 5 in Armour
  3817 | D:5      | Noticed Pikel
  3875 | D:5      | Killed Pikel
  3875 | D:5      | Reached skill level 7 in Axes
  3875 | D:5      | Reached XP level 8. HP: 55/72 MP: 6/6
  4371 | D:6      | Noticed Menkaure
  4385 | D:6      | Killed Menkaure
  4385 | D:6      | Reached skill level 8 in Axes
  4865 | D:7      | Reached skill level 9 in Axes
  4865 | D:7      | Gained mutation: You passively map the area around you.
                  | [Deep Dwarf growth]
  4865 | D:7      | Reached XP level 9. HP: 56/79 MP: 6/6
  5097 | D:7      | Found a sand-covered staircase.
  5109 | Ossuary  | Entered an ossuary
  5574 | D:7      | Found Lisiuxkoudd's Distillery.
  5593 | D:7      | Reached skill level 10 in Axes
  5595 | D:7      | Bought a potion of heal wounds for 65 gold pieces
  5786 | D:7      | Reached skill level 11 in Axes
  5844 | D:7      | Found Eheitz's General Store.
  5847 | D:7      | Bought a ration for 65 gold pieces
  5847 | D:7      | Bought a scroll of identify for 26 gold pieces
  5847 | D:7      | Bought a scroll of enchant weapon for 97 gold pieces
  5935 | D:7      | Reached skill level 5 in Fighting
  5982 | D:7      | Found Deimn's Gadget Shop.
  6205 | D:8      | Reached XP level 10. HP: 45/88 MP: 5/5
  6244 | D:8      | Noticed a three-headed hydra
  6282 | D:8      | Killed a 20-headed hydra
  6282 | D:8      | Reached skill level 12 in Axes
  6484 | D:8      | Found a large runed door.
  6484 | D:8      | Found a large runed door.
  6885 | D:8      | Noticed Thaneod's ghost (novice DEFE)
  7134 | D:8      | Identified Quwkofer's Grimoire of Black Rites and the Blaze
  7231 | D:8      | Killed Thaneod's ghost
  7489 | D:9      | Noticed Maurice
  7506 | D:9      | Killed Maurice
  7506 | D:9      | Reached skill level 13 in Axes
  7898 | D:10     | Entered Level 10 of the Dungeon
  8014 | D:10     | Noticed a two-headed ogre
  8028 | D:10     | Killed a two-headed ogre
  8028 | D:10     | Reached XP level 11. HP: 62/97 MP: 2/2
  8030 | D:10     | Found Nuttouha's Gadget Shoppe.
  8039 | D:10     | Bought a phantom mirror for 360 gold pieces
  8073 | D:10     | Noticed an unseen horror
  8084 | D:10     | Killed an unseen horror
  8208 | D:10     | Noticed a cyan ugly thing
  8239 | D:10     | Killed a cyan ugly thing
  8686 | D:10     | Noticed Psyche
  8872 | D:10     | Found a staircase to the Orcish Mines.
  8901 | D:10     | Banished Psyche
  8916 | D:10     | Reached skill level 14 in Axes
  9128 | D:11     | Found a staircase to the Lair.
  9288 | Lair:1   | Entered Level 1 of the Lair of Beasts
  9447 | Lair:1   | Noticed Sonja
  9505 | Lair:1   | HP: 2/99 [poisoned by Sonja]
  9513 | Lair:1   | HP: 4/99 [poisoned by Sonja]
  9514 | Lair:1   | Succumbed to Sonja's poison

Vault maps used:
D:1:      roderic_octagonal_star
D:2:      kennysheep_generic_room_9
D:4:      kennysheep_mini, minmay_temple_entry_butterflies, first_ration
D:5:      serial_glass, glass_columns_a, glass_columns_c, glass_columns_b,
          glass_columns_a, uniq_pikel, uniq_crazy_yiuf_cottage, uniq_duvessa
D:6:      minmay_misc_feat_room, uniq_menkaure
D:7:      lemuel_slime, serial_shops, nicolae_shop_window_shopping, shop,
          kennysheep_mini_moat, gup_ossuary_entry_pyramid
D:8:      ebering_ghost_disaster_area, hangedman_ranch, eino_jars
D:9:      nicolae_wwwww, uniq_maurice
D:10:     minmay_the_grid_octo_2x2, erik_orc_1, serial_shops,
          nicolae_shop_trees, uniq_psyche
D:11:     erik_lair_orcish_takeover, special_room, minmay_misc_feat_four_crosses
Lair:1:   grunt_megastairs_3, uniq_sonja
Ossuary:  ossuary_boxes_badplayer

Skill      XL: |  1  2  3  4  5  6  7  8  9 10 11 |
---------------+----------------------------------+-----
Axes           | 3 4 5 7 9 11 13 14 | 14.1
Shields        | 4 5 6 7 8 9 |  9.7
Fighting       | 3 4 5 6 |  6.8
Armour         | 4 5 6 7 8 9 |  9.2
Dodging        | 1 2 |  2.1
Stealth        | |  0.5

Action                   |  1- 3 |  4- 6 |  7- 9 | 10-12 || total
-------------------------+-------+-------+-------+-------++-------
Melee: War axe           |   133 |   236 |   530 |   416 ||  1315
       Glaive            |       |       |       |   216 ||   216
 Abil: Heal Wounds       |     2 |     1 |    13 |    30 ||    46
  Use: Scroll            |    11 |     4 |     7 |     9 ||    31
       Potion            |       |       |       |    13 ||    13
 Stab: Distracted        |       |       |       |     1 ||     1
  Eat: Chunk             |     1 |     5 |     5 |     9 ||    20
       Ration            |       |     1 |     1 |     1 ||     3
Armor: Scale mail        |    56 |    55 |       |       ||   111
       Plate armour      |       |    53 |   233 |   752 ||  1038
Dodge: Dodged            |    38 |    63 |    87 |   321 ||   509
Block: Shield            |    76 |   114 |   258 |   319 ||   767

Table legend:
 A = Non-vault XP
 B = Vault XP
 C = Vault XP percentage of total XP
 D = Non-vault monster count
 E = Vault monster count
 F = Vault count percentage of total count
                 A         B        C        D         E       F
            +---------+---------+-------+---------+---------+-------
      Total |    7892 |   10457 |  57.0 |     206 |     121 |  37.0
            +---------+---------+-------+---------+---------+-------
        D:1 |      50 |       0 |   0.0 |      26 |       0 |   0.0
        D:2 |      35 |       2 |   5.4 |      17 |       1 |   5.6
        D:3 |      92 |       0 |   0.0 |      26 |       0 |   0.0
        D:4 |     383 |       0 |   0.0 |      16 |       0 |   0.0
        D:5 |     407 |     856 |  67.8 |      20 |       4 |  16.7
        D:6 |     689 |     172 |  20.0 |      13 |       1 |   7.1
        D:7 |    1235 |     667 |  35.1 |      17 |      21 |  55.3
        D:8 |     965 |    3211 |  76.9 |      22 |      16 |  42.1
        D:9 |     806 |     457 |  36.2 |      12 |       1 |   7.7
       D:10 |    2384 |    4099 |  63.2 |      26 |      33 |  55.9
       D:11 |     237 |     595 |  71.5 |       8 |       8 |  50.0
     Lair:1 |     609 |       0 |   0.0 |       3 |       0 |   0.0
    Ossuary |       0 |     398 | 100.0 |       0 |      36 | 100.0
            +---------+---------+-------+---------+---------+-------
